 Dungeon Crawl Stone Soup version 0.28-a0-1374-ga75cb3825e (webtiles) character file.

Game seed: 1327347813272756075

93642 avis the Brawler (level 16, -6/163 (183) HPs)
             Began as an Octopode Transmuter on Dec 31, 2021.
             Was an Initiate of Gozag.
             Succumbed to a wolf spider's poison
             ... on level 1 of the Spider Nest on Jan 1, 2022.
             The game lasted 02:58:28 (38056 turns).

avis the Brawler (Octopode Transmuter)             Turns: 38056, Time: 02:58:29

HP:   -6/163 (183)  AC:  3    Str: 28    XL:     16   Next: 9%
MP:   23/23         EV: 20    Int: 21    God:    Gozag
Gold: 3130          SH:  7    Dex: 20    Spells: 10/25 levels left

rFire   . . .      SeeInvis .   a - staff of cold
rCold   + . .      Faith    .   y - +1 buckler {reflect}
rNeg    . . .      Spirit   .   d - +2 hood of the Assassin {Detection Stab+ Stlth++}
rPois   .          Reflect  +   S - amulet of the acrobat
rElec   .          Harm     .   F - +6 ring of strength
rCorr   +          Rampage  .   R - +6 ring of dexterity
Will    +....                   o - +6 ring of strength
Stlth   ..........              E - ring of resist corrosion
HPRegen 0.37/turn               x - +6 ring of intelligence
MPRegen 0.18/turn               U - ring of wizardry
                                (no ring)
                                (no ring)

@: berserking, lethally poisoned (-6 -> -53), gold aura, heavily drained, very
quick
A: almost no armour, amphibious, 8 rings, camouflage 1, gelatinous body 1,
(nimble swimmer 1), tentacles
a: Renounce Religion, Potion Petition, Call Merchant, Bribe Branch


You were on level 1 of the Spider Nest.
You worshipped Gozag.
Gozag was most pleased with you.
You visited 5 branches of the dungeon, and saw 23 of its levels.

You collected 5947 gold pieces.
You spent 330 gold pieces at shops.
You paid 2487 gold pieces to Gozag.

Inventory:

Hand Weapons
 w - a +3 shortbow of flaming
Missiles
 l - 14 sling bullets
 m - 334 arrows
 p - 3 throwing nets
 B - 2 boomerangs of dispersal
 D - 8 curare-tipped darts
 M - 15 poisoned darts
Armour
 d - the +2 hood of the Assassin (worn) {Detection Stab+ Stlth++}
   (You acquired it on level 1 of the Lair of Beasts)

   It allows the wearer to sense nearby creatures.
   It allows the wearer to make particularly effective stabbing attacks against
   helpless or unaware enemies with any weapon.
   Stlth:     It makes you much more stealthy.
 y - a +1 buckler of reflection (worn)
Magical Staves
 a - a staff of cold (weapon)
 b - a staff of poison
Jewellery
 o - a +6 ring of strength (on tentacle)
 x - a +6 ring of intelligence (on tentacle)
 E - a ring of resist corrosion (on tentacle)
 F - a +6 ring of strength (left tentacle)
 R - a +6 ring of dexterity (right tentacle)
 S - an amulet of the acrobat (around mantle)
 U - a ring of wizardry (on tentacle)
Wands
 h - a wand of charming (15)
 j - a wand of digging (1)
 C - a wand of flame (29)
 O - a wand of iceblast (10)
 P - a wand of polymorph (7)
Scrolls
 c - 2 scrolls of blinking
 i - 8 scrolls of fog
 r - a scroll of summoning {unknown}
 u - 7 scrolls of teleportation
 A - 2 scrolls of fear
 G - a scroll of holy word
 J - a scroll of immolation {unknown}
Potions
 e - 7 potions of lignification
 g - 8 potions of curing
 k - 3 potions of resistance
 n - 5 potions of ambrosia
 s - 3 potions of flight
 t - 7 potions of haste
 v - 6 potions of brilliance
 H - 2 potions of might
 L - a potion of heal wounds
 X - a potion of invisibility
 Z - a potion of magic
Miscellaneous
 f - a piece from Xom's chessboard (15/15)
 z - a lightning rod (4/4)
 K - a phial of floods


   Skills:
 - Level 15.0 Fighting
 - Level 10.0 Dodging
 - Level 10.0 Stealth
 - Level 4.0 Shields
 - Level 17.0 Unarmed Combat
 - Level 5.0 Spellcasting
 - Level 6.0 Transmutations
 - Level 6.0 Ice Magic
 - Level 2.0 Air Magic
 - Level 2.0 Poison Magic
 * Level 8.1 Evocations


You had 10 spell levels left.
You knew the following spells:

 Your Spells              Type           Power      Damage    Failure   Level
a - Beastly Appendage     Tmut           60%        N/A       1%          1
b - Wereblood             Tmut           30%        N/A       1%          2
e - Ensorcelled Hibernat  Hex/Ice        52%        N/A       1%          2
f - Swiftness             Air            13%        N/A       6%          3
p - Spider Form           Tmut/Pois      22%        N/A       2%          3
q - Ice Form              Ice/Tmut       45%        N/A       3%          4

Your spell library contained the following spells:

 Spells                   Type           Power      Damage    Failure   Level
 Shock                    Conj/Air       36%        1d5       2%          1
 Apportation              Tloc           10%        N/A       4%          1
 Magic Dart               Conj           20%        1d4       4%          1
 Ignite Poison            Fire/Tmut/Pois 16%        N/A       4%          3
 Call Imp                 Summ           5%         N/A       6%          2
 Mephitic Cloud           Conj/Pois/Air  10%        N/A       8%          3
 Call Canine Familiar     Summ           5%         N/A       13%         3
 Conjure Flame            Conj/Fire      5%         6-21      13%         3
 Dazzling Flash           Conj/Hex       10%        N/A       13%         3
 Portal Projectile        Hex/Tloc       10%        N/A       13%         3
 Airstrike                Air            6%         N/A       19%         4
 Alistair's Intoxication  Tmut/Pois      14%        N/A       22%         5
 Leda's Liquefaction      Hex/Erth       2%         N/A       38%         4
 Sticky Flame             Conj/Fire      5%         2d3       38%         4
 Silence                  Hex/Air        4%         N/A       58%         5
 Agony                    Necr           5%         N/A       71%         5
 Ozocubu's Refrigeration  Ice            22%        4d9       95%         7
 Dispersal                Tloc           2%         N/A       99%         6
 Borgnjor's Revivificati  Necr           2%         N/A       100%        8
 Discord                  Hex            2%         N/A       100%        8
 Disjunction              Tloc           2%         N/A       100%        8
 Necromutation            Tmut/Necr      8%         N/A       100%        8
 Death's Door             Necr           2%         N/A       100%        9


Dungeon Overview and Level Annotations

Branches:
Dungeon (13/15)            Temple (1/1) D:5            Lair (6/6) D:9
  Swamp (2/4) Lair:2       Spider (1/4) Lair:2        Slime (0/5) Lair:5
    Orc (0/2) D:12         Vaults (0/5) D:13

Altars:
Ashenzari
Cheibriados
Dithmenos
Elyvilon
Fedhas
Gozag
Hepliaklqana
Kikubaaqudgha
Makhleb
Nemelex Xobeh
Okawaru
Qazlal
Ru
Sif Muna
Trog
Uskayaw
Vehumet
Wu Jian
Xom
Yredelemnul
Zin
The Shining One

Shops:
D:13 [=


Innate Abilities, Weirdness & Mutations

You cannot wear most types of armour.
You are amphibious.
You can wear up to eight rings at the same time.
Your skin changes colour to match your surroundings (Stealth+).
Your rubbery body absorbs attacks. (AC +1, EV +1)
((You are camouflaged when in or above water. (Stealth+)))
You have tentacles for arms and can constrict up to eight enemies at once.


Message History

* * * LOW HITPOINT WARNING * * *
The culicivora draws strength from your injuries!
The wolf spider misses you.
The wolf spider bites you but does no damage. [a] - 450 gold - heal wounds, berserk rage and magic [b] - 528 gold - might, brilliance, heal wounds, curing and magic [c] - 364 gold - resistance and might Purchase which effect?
You feel much better.
A red film seems to cover your vision as you go berserk!
You feel yourself moving faster!
You feel mighty! Magic courses through your body.
You warm up again.
Your staff of cold unmelds from your body.
The +2 hood of the Assassin {Detection Stab+ Stlth++} unmelds from your body.
Your +1 buckler of reflection unmelds from your body.
You block the culicivora's attack. The wolf spider hits you!
* * * LOW HITPOINT WARNING * * *
The wolf spider bites you!
* * * LOW HITPOINT WARNING * * *
You are lethally poisoned!
The wolf spider poisons you! The culicivora completely misses you.
You hit the culicivora! You freeze the culicivora!
Your grab misses the culicivora. You squeeze the culicivora!
The culicivora is almost dead.
* * * LOW HITPOINT WARNING * * *
You feel very sick. You block the wolf spider's attack.
The wolf spider bites you.
* * * LOW HITPOINT WARNING * * *
You are more poisoned.
The wolf spider poisons you! The culicivora bites you!
* * * LOW HITPOINT WARNING * * *
The culicivora draws strength from your injuries!
Unknown command.
You hit the culicivora. Your grab misses the culicivora.
Your tentacle-slap misses the culicivora.
Your squeeze misses the culicivora.
The culicivora is heavily wounded.
You die...
Your body crumbles into a pile of gold.

##..............#
##.....<......##
#...........##
#...#........#
#.###..##...##
### ####...##
#......#
##......#
#.@s...##
#.ss.^## ##...##
#...##
s.B......##
.#......##
###....# #...^#
##..##


You could see a wolf spider (soul bound), a culicivora (soul bound) and a
jumping spider (soul bound).

Vanquished Creatures
  4 eleionomae
  3 bunyips
  Azrael (D:12)
  Josephine (Lair:5)
  2 boulder beetles
  8 vault guards (D:13)
  9 hydras
  2 centaur warriors (D:13)
  A merfolk avatar (Lair:6)
  9 death yaks
  A catoblepas (D:12)
  8 alligators
  5 two-headed ogres
  A tengu warrior (D:13)
  A spriggan berserker (Swamp:2)
  A deep elf knight (Swamp:2)
  Urug (D:12)
  8 spriggans
  A pharaoh ant (Spider:1)
  A steelbarb worm (shapeshifter) (D:13)
  An orb spider (Lair:2)
  4 spriggan druids
  2 swamp dragons
  3 goliath frogs (Swamp:2)
  4 bog bodies
  3 cyclopes
  4 manticores
  8 elephants (Lair:6)
  2 torpor snails
  A gargoyle (D:11)
  7 black mambas
  9 cane toads
  A kobold demonologist (D:10)
  2 rime drakes (Lair:6)
  8 komodo dragons
  A queen bee (D:12)
  A tengu conjurer (D:13)
  3 meliai
  6 trolls
  4 polar bears
  5 tyrant leeches
  2 wind drakes (Lair:6)
  7 hornets
  A tarantella (Lair:2)
  10 blink frogs
  Prince Ribbit (D:8)
  5 dream sheep (Lair:6)
  9 slime creatures
  Grinder (D:3)
  2 jumping spiders (Spider:1)
  A culicivora (Lair:2)
  50 yaks
  6 wraiths
  2 shadows
  10 wyverns
  3 basilisks
  2 fire elementals (D:12)
  2 steam dragons
  2 redbacks
  4 vampire mosquitoes (D:12)
  4 swamp worms (Swamp:1)
  An acid dragon (D:12)
  5 hell hounds (D:12)
  11 water moccasins
  8 orc warriors
  2 swamp drakes
  An ogre (D:7)
  2 ice beasts
  2 sky beasts (D:5)
  A necrophage (D:3)
  2 black bears
  26 wolves
  3 centaurs
  A phantom (D:4)
  2 kobold brigands
  9 bullfrogs
  2 scorpions (D:5)
  4 water moccasin skeletons
  22 killer bees
  2 electric eels (Lair:5)
  15 wights
  2 howler monkeys
  4 centaur zombies
  5 bullfrog zombies
  4 hounds
  9 orc priests
  2 bullfrog skeletons
  7 jellies
  3 centaur skeletons
  2 iguanas
  17 orc wizards
  A killer bee zombie (D:6)
  Robin (D:3)
  5 gnolls
  A howler monkey zombie (D:6)
  A river rat (D:9)
  7 adders
  2 white imps
  A worm (D:2)
  2 dart slugs (D:4)
  40 orcs
  6 ball pythons
  3 bats
  18 endoplasms
  2 giant cockroaches
  10 hobgoblins
  3 jackals (D:1)
  7 quokkas
  7 frilled lizards
  13 goblins
  15 kobolds
  A quokka skeleton (D:4)
  7 rats
  A plant (Swamp:2)
601 creatures vanquished.

Vanquished Creatures (collateral kills)
  An orc warrior (D:12)
1 creature vanquished.

Vanquished Creatures (others)
  A spriggan (Swamp:2)
  An orc (D:12)
  A bush (Lair:6)
  30 fungi
  41 plants
74 creatures vanquished.

Grand Total: 676 creatures vanquished

Notes
Turn   | Place    | Note
-------+----------+-------------------------------------------
     0 | D:1      | avis the Octopode Transmuter began the quest for the Orb.
     0 | D:1      | Reached XP level 1. HP: 13/13 MP: 3/3
    21 | D:1      | Reached skill level 1 in Stealth
   197 | D:1      | Reached XP level 2. HP: 11/19 MP: 5/5
   767 | D:1      | Found Feennag's Assorted Antiques.
  1068 | D:1      | Reached XP level 3. HP: 24/24 MP: 4/6
  1072 | D:1      | Learned a level 3 spell: Spider Form
  1443 | D:2      | Reached skill level 1 in Poison Magic
  2105 | D:2      | Found a faded altar of an unknown god.
  2365 | D:3      | Noticed a necrophage
  2442 | D:3      | Found an iron altar of Okawaru.
  2534 | D:3      | Reached XP level 4. HP: 26/29 MP: 5/7
  2877 | D:3      | Killed a necrophage
  2878 | D:3      | Reached skill level 5 in Unarmed Combat
  2878 | D:3      | Reached XP level 5. HP: 21/34 MP: 6/8
  3043 | D:3      | Found a glowing silver altar of Zin.
  3380 | D:4      | Reached XP level 6. HP: 20/39 MP: 7/9
  3528 | D:3      | Learned a level 4 spell: Ice Form
  3595 | D:4      | Found a basalt altar of Yredelemnul.
  3783 | D:4      | Noticed a black bear
  3904 | D:4      | Noticed Robin
  4046 | D:4      | Noticed Grinder
  4251 | D:3      | Killed Robin
  4396 | D:3      | Killed Grinder
  4397 | D:3      | Reached XP level 7. HP: 24/46 MP: 6/11
  4938 | D:4      | Reached skill level 6 in Unarmed Combat
  5522 | D:5      | Entered Level 5 of the Dungeon
  5789 | D:5      | Noticed a yak
  5789 | D:5      | Noticed a yak
  5792 | D:5      | Noticed a yak
  5793 | D:5      | Noticed a yak
  5806 | D:5      | Killed a yak
  5807 | D:5      | Reached XP level 8. HP: 54/54 MP: 9/12
  5825 | D:5      | Killed a yak
  5826 | D:5      | Reached skill level 7 in Unarmed Combat
  5827 | D:5      | Killed a yak
  6116 | D:5      | Killed a yak
  6813 | D:5      | Reached XP level 9. HP: 59/59 MP: 12/15
  7213 | D:5      | Reached skill level 5 in Fighting
  7397 | D:5      | Found a staircase to the Ecumenical Temple.
  7428 | Temple   | Entered the Ecumenical Temple
  7471 | Temple   | Became a worshipper of Gozag Ym Sagoz the Greedy
  7990 | D:5      | Reached skill level 8 in Unarmed Combat
  9009 | D:6      | Noticed a two-headed ogre
  9022 | D:6      | Killed a two-headed ogre
  9023 | D:6      | Reached skill level 9 in Unarmed Combat
  9023 | D:6      | Reached skill level 5 in Transmutations
  9023 | D:6      | Reached skill level 5 in Stealth
  9651 | D:6      | Reached skill level 5 in Dodging
  9651 | D:6      | Reached XP level 10. HP: 66/66 MP: 11/16
 10119 | D:6      | Noticed a boulder beetle
 10206 | D:6      | Reached skill level 10 in Unarmed Combat
 10229 | D:6      | Killed a boulder beetle
 10857 | D:7      | Found a radiant altar of Vehumet.
 10864 | D:7      | Identified the +5 hand axe "Sidaj" {vorpal, rF++}
 11316 | D:7      | Reached skill level 11 in Unarmed Combat
 11380 | D:7      | Noticed a five-headed hydra
 11399 | D:7      | Killed a five-headed hydra
 11708 | D:7      | Reached skill level 5 in Spellcasting
 12342 | D:8      | Reached skill level 5 in Ice Magic
 12641 | D:8      | Noticed Prince Ribbit
 12651 | D:8      | Killed Prince Ribbit
 12941 | D:9      | Reached XP level 11. HP: 71/71 MP: 13/18
 13370 | D:9      | Noticed a death yak
 13370 | D:9      | Noticed a death yak
 13371 | D:9      | Noticed a death yak
 13392 | D:8      | Killed a death yak
 13448 | D:8      | Killed a death yak
 13725 | D:8      | Killed a death yak
 13889 | D:9      | Found a staircase to the Lair.
 14016 | D:9      | Noticed a two-headed ogre
 14033 | D:9      | Reached skill level 12 in Unarmed Combat
 14104 | D:9      | Killed a two-headed ogre
 14841 | Lair:1   | Entered Level 1 of the Lair of Beasts
 14929 | Lair:1   | Learned a level 2 spell: Wereblood
 14933 | Lair:1   | Learned a level 3 spell: Swiftness
 15192 | Lair:1   | Reached skill level 13 in Unarmed Combat
 16123 | Lair:1   | Reached skill level 1 in Air Magic
 16137 | Lair:1   | Reached skill level 1 in Shields
 16410 | Lair:1   | Reached XP level 12. HP: 58/82 MP: 12/19
 16572 | Lair:2   | Got the Compendium of the Bewitching Glacier
 16654 | Lair:1   | Learned a level 2 spell: Ensorcelled Hibernation
 17242 | Lair:2   | Found a staircase to the Swamp.
 17829 | Lair:2   | Found a hole to the Spider Nest.
 18898 | Lair:3   | Noticed a five-headed hydra
 18904 | Lair:3   | Killed a five-headed hydra
 19605 | Lair:4   | Noticed a death yak
 19605 | Lair:4   | Noticed a death yak
 19605 | Lair:4   | Noticed a death yak
 19605 | Lair:4   | Noticed a death yak
 19605 | Lair:4   | Noticed a death yak
 19605 | Lair:4   | Noticed a death yak
 19611 | Lair:3   | Killed a death yak
 19612 | Lair:3   | Reached skill level 14 in Unarmed Combat
 19850 | Lair:3   | Killed a death yak
 19925 | Lair:3   | Killed a death yak
 20102 | Lair:3   | Killed a death yak
 20103 | Lair:3   | Reached XP level 13. HP: 48/90 MP: 18/20
 20107 | Lair:3   | Reached skill level 15 in Unarmed Combat
 20772 | Lair:4   | Reached skill level 10 in Fighting
 21314 | Lair:1   | Identified 3 scrolls of acquirement
 21314 | Lair:1   | Acquired the +2 hood of the Assassin {Detection Stab+
                  | Stlth++}
 21314 | Lair:1   | Found the +2 hood of the Assassin {Detection Stab+ Stlth++}
 21354 | Lair:1   | Acquired a +2 spectral lajatang
 21356 | Lair:1   | Acquired a staff of cold
 21421 | D:10     | Entered Level 10 of the Dungeon
 22592 | D:10     | Upgraded the game from 0.28-a0-1356-g2ad6d04315 to
                  | 0.28-a0-1374-ga75cb3825e
 24279 | D:12     | Noticed Azrael
 24621 | D:12     | Noticed Urug
 24623 | D:12     | Killed Urug
 25266 | D:12     | Killed Azrael
 25731 | D:12     | Reached XP level 14. HP: 93/103 MP: 13/21
 25896 | D:12     | Found a staircase to the Orcish Mines.
 26952 | Lair:5   | Noticed Josephine
 26958 | Lair:5   | Reached skill level 1 in Evocations
 26963 | Lair:5   | Killed Josephine
 27748 | Lair:5   | Found a staircase to the Slime Pits.
 28019 | Lair:6   | Entered Level 6 of the Lair of Beasts
 28641 | Lair:5   | Reached skill level 5 in Evocations
 29410 | Lair:6   | Reached skill level 16 in Unarmed Combat
 30968 | D:13     | Found Lurom's Antique Armour Shop.
 31225 | D:12     | Reached skill level 17 in Unarmed Combat
 31915 | D:13     | Reached XP level 15. HP: 96/109 MP: 18/22
 32372 | D:13     | Found Xitwitzi's Distillery.
 32382 | D:13     | Found a gate to the Vaults.
 32759 | D:13     | Found Qafevead's Jewellery Emporium.
 32978 | D:13     | Bought a potion of invisibility for 88 gold pieces
 32978 | D:13     | Bought a potion of attraction for 33 gold pieces
 32978 | D:13     | Bought a potion of magic for 88 gold pieces
 32978 | D:13     | Bought a potion of might for 44 gold pieces
 32978 | D:13     | Bought a potion of brilliance for 44 gold pieces
 32978 | D:13     | Bought a potion of lignification for 33 gold pieces
 33139 | Swamp:1  | Entered Level 1 of the Swamp
 34693 | Swamp:2  | Reached skill level 15 in Fighting
 34914 | Swamp:2  | Reached skill level 10 in Dodging
 34960 | Swamp:2  | Reached skill level 10 in Stealth
 36662 | Swamp:2  | Reached XP level 16. HP: 118/122 MP: 19/23
 37492 | Spider:1 | Entered Level 1 of the Spider Nest
 38055 | Spider:1 | HP: 2/163 [culicivora (13)]
 38056 | Spider:1 | Succumbed to a wolf spider's poison

Illustrated notes

Levels and vault maps discovered:
D:1:      dpeg_arrival_round_c, layout_basic, serial_shops, shop
D:2:      layout_basic, shapermc_ecumenical_altar_mp_urbaneastern,
          minmay_pentomino_v2
D:3:      layout_loops_ring, marbit_many_paths, okawaru_gym_becter
D:4:      layout_cave_pools, overflow_temple_1_default, uniq_robin, uniq_grinder
D:5:      layout_loops_ring, minmay_temple_entry_nine_rooms,
          lexackson_kobold_supper
D:6:      cheibrodos_barr_body, layout_basic, nzn_random_ring
D:7:      layout_rooms, nicolae_vehumet_altar_sigil, serial_curves,
          eino_curves_02, eino_curves_01
D:8:      layout_loops_corners, uniq_prince_ribbit1
D:9:      layout_rooms, dpeg_lair_monsters
D:10:     layout_long_grid, st_stairs_5
D:11:     layout_rooms, serial_aquarium, aquarium_bridge_long_joined
          [aquarium_subvault_bridge, aquarium_subvault_bridge,
          aquarium_subvault_window, aquarium_subvault_bridge,
          aquarium_subvault_wall, aquarium_subvault_window],
          aquarium_bridge_square [aquarium_subvault_bridge,
          aquarium_subvault_window, aquarium_subvault_bridge,
          aquarium_subvault_wall], aquarium_window_2, aquarium_window_corner,
          aquarium_window_fake, aquarium_view_2c, aquarium_balcony_1b,
          aquarium_pool_1
D:12:     layout_cave_pods, david_orc_3, minmay_liquid_box, uniq_azrael,
          uniq_urug
D:13:     layout_cave_pools, erik_vaults_2, special_room [special_room_bee],
          serial_shops, nicolae_shop_statue_plus, nicolae_stop_n_shop_1,
          nicolae_lakefront_shop
Temple:   dpeg_five_rooms_temple
Lair:1:   lemuel_slime, layout_small_grid, st_stairs_12
Lair:2:   layout_loops_ring, minmay_swamp_entry_reptiles,
          nicolae_spider_entry_orb_guardian, ldierk_geyser
Lair:3:   layout_regular_city, lemuel_fruit_tree
Lair:4:   layout_misc_corridors, grunt_megastairs_2
Lair:5:   wander_river, layout_cave_pods, dpeg_slime_entry_corner,
          grunt_megastairs_3, infiniplex_staircase_pool_2, serial_bayou_shore_a,
          uniq_josephine
Lair:6:   gammafunk_lair_ancient_temple, layout_regular_city
Swamp:1:  layout_basic_swamp, nicolae_swamp_fairy_circle
Swamp:2:  cheibrodos_swamp_heart_of_darkness, layout_falls_marsh,
          hangedman_swamp_ruin_wall
Spider:1: layout_spider_delve

Skill      XL: |  1  2  3  4  5  6  7  8  9 10 11 12 13 14 15 16 |
---------------+-------------------------------------------------+-----
Stealth        | 1 2 3 4 5 6 8 9 10 | 10.0
Fighting       | 2 3 4 5 8 9 12 15 | 15.0
Poison Magic   | 2 |  2.0
Unarmed Combat | 5 6 7 9 11 13 14 15 17 | 17.0
Transmutations | 3 4 5 6 |  6.0
Spellcasting   | 3 4 5 |  5.0
Ice Magic      | 4 5 6 |  6.0
Dodging        | 3 5 6 8 9 10 | 10.0
Air Magic      | 1 2 |  2.0
Shields        | 3 4 |  4.0
Evocations     | 5 7 8 |  8.1

Action                   |  1- 3 |  4- 6 |  7- 9 | 10-12 | 13-15 | 16-18 || total
-------------------------+-------+-------+-------+-------+-------+-------++-------
Melee: Unarmed           |    21 |    42 |   230 |   466 |   694 |    34 ||  1487
       Constrict         |    14 |    11 |     5 |     1 |       |       ||    31
       Kick              |     9 |     7 |     3 |       |       |       ||    19
       Tentacles         |     9 |     3 |     5 |       |       |     1 ||    18
       Punch             |     1 |     3 |     1 |       |       |       ||     5
       Mace              |    49 |       |       |       |       |       ||    49
       Whip              |     1 |    43 |    31 |     1 |       |       ||    76
       Staff             |       |       |       |       |       |     2 ||     2
 Cast: Beastly Appendage |    33 |    12 |     6 |       |       |       ||    51
       Spider Form       |       |    10 |    29 |     3 |    13 |       ||    55
       Ice Form          |       |       |    13 |    66 |    88 |     6 ||   173
Invok: Potion Petition   |       |       |       |       |     5 |     1 ||     6
Evoke: Wand              |       |       |       |       |     3 |       ||     3
  Use: Scroll            |       |       |     3 |     7 |    16 |     1 ||    27
       Potion            |       |       |       |     1 |     4 |       ||     5
 Stab: Sleeping          |     6 |     4 |     6 |     4 |    14 |     2 ||    36
       Distracted        |       |       |       |     8 |     5 |       ||    13
       Petrifying        |       |       |       |       |     2 |       ||     2
Armor: Skin              |     4 |     6 |    38 |    89 |   126 |    12 ||   275
Dodge: Dodged            |    36 |    85 |   166 |   242 |   481 |    25 ||  1035
Block: Buckler           |       |       |       |       |     2 |     2 ||     4

Table legend: (Time is in decaauts)
 A = Elapsed time spent in this place.
 B = Non-inter-level travel time spent in this place.
 C = Inter-level travel time spent in this place.
 D = Time resting spent in this place.
 E = Time spent auto-exploring this place.
 F = Levels seen in this place.
 G = Mean time per level.
                   A        B        C        D        E       F      G
               +--------+--------+--------+--------+--------+-----+--------+
         Total |  37860 |  34348 |   3512 |  15111 |  11302 |  23 | 1646.1 |
       Dungeon |  22184 |  20116 |   2068 |   9105 |   6464 |  13 | 1706.5 |
        Temple |    284 |    231 |     53 |      0 |    197 |   1 |  284.0 |
          Lair |  11252 |  10140 |   1112 |   3875 |   3716 |   6 | 1875.3 |
         Swamp |   4036 |   3757 |    279 |   2131 |    925 |   2 | 2018.0 |
   Spider Nest |    101 |    101 |      0 |      0 |      0 |   1 |  101.0 |
               +--------+--------+--------+--------+--------+-----+--------+

Top non-repeatable levels by time:
    D:12: 3175 daAuts
 Swamp:1: 2631 daAuts
     D:5: 2545 daAuts
  Lair:5: 2300 daAuts
     D:6: 2276 daAuts
     D:8: 2241 daAuts
  Lair:2: 2145 daAuts
  Lair:1: 2085 daAuts
  Lair:3: 2034 daAuts
     D:3: 1868 daAuts
     D:4: 1655 daAuts
  Lair:6: 1564 daAuts
    D:10: 1432 daAuts
 Swamp:2: 1405 daAuts
     D:1: 1255 daAuts
